 Dungeon Crawl Stone Soup version 0.28.0-43-g3370ac3207 (webtiles) character file.

Game seed: 18170624728015577751

32024 GreyFruit the Thaumaturge (level 13, -11/174 HPs)
             Began as a Purple Draconian Conjurer on Mar 15, 2022.
             Was an Elder of Vehumet.
             Shot with a bolt by an orc warrior (15 damage)
             ... on level 2 of the Orcish Mines.
             The game lasted 01:09:52 (21725 turns).

GreyFruit the Thaumaturge (DrCj)                   Turns: 21725, Time: 01:09:52

Health: -11/174    AC: 10    Str:  7 (10) XL:     13   Next: 29%
Magic:  24/28      EV: 14    Int: 32 (33) God:    Vehumet [****..]
Gold:   1711       SH:  0    Dex:  9 (12) Spells: 13/35 levels left

rFire   . . .      SeeInvis .   u - +4 trident of the Owl {vorpal, *Noise Int+10 Dex+2}
rCold   . . .      Faith    .   (no shield)
rNeg    + + .      Spirit   .   (armour unavailable)
rPois   .          Reflect  .   (helmet restricted)
rElec   .          Harm     .   o - +0 cloak
rCorr   .          Rampage  .   x - +0 pair of gloves
Will    +....                   (no boots)
Stlth   ..........              (no amulet)
HPRegen 0.39/turn               l - ring of positive energy
MPRegen 0.21/turn               r - ring of positive energy

@: berserking, very quick
A: breathe power, AC +8, unfitting armour, cold-blooded
a: Breathe Dispelling Energy, Renounce Religion


You were on level 2 of the Orcish Mines.
You worshipped Vehumet.
Vehumet was greatly pleased with you.
You visited 3 branches of the dungeon, and saw 15 of its levels.
You also visited: Bailey.

You collected 1711 gold pieces.

Inventory:

Hand Weapons
 u - the +4 trident of the Owl (weapon) {vorpal, *Noise Int+10 Dex+2}
   (You found it on level 5 of the Dungeon)

   It inflicts extra damage upon your enemies.
   Int:       It affects your intelligence (+10).
   Dex:       It affects your dexterity (+2).
   *Noise:    It may make noises in combat.
Missiles
 F - 2 throwing nets
Armour
 o - a +0 cloak (worn)
 x - a +0 pair of gloves (worn)
Jewellery
 i - an amulet of guardian spirit
 l - a ring of positive energy (left hand)
 r - a ring of positive energy (right hand)
Wands
 m - a wand of digging (9)
 p - a wand of paralysis (12)
 y - a wand of acid (13)
 A - a wand of flame (17)
 H - a wand of iceblast (1)
Scrolls
 b - 3 scrolls of immolation
 c - 4 scrolls of enchant armour
 q - 2 scrolls of holy word
 s - a scroll of noise
 w - 5 scrolls of amnesia
 D - a scroll of brand weapon
Potions
 d - a potion of resistance
 e - 5 potions of might
 g - 3 potions of attraction
 h - a potion of flight
 j - 3 potions of brilliance
 n - 3 potions of curing
 t - 2 potions of mutation
 B - a potion of degeneration
 E - a potion of cancellation {unknown}
 G - 2 potions of haste {unknown}


   Skills:
 + Level 11.4 Fighting
 + Level 10.0 Dodging
 - Level 2.0 Stealth
 + Level 11.8 Spellcasting
 + Level 11.4 Conjurations
 - Level 5.0 Hexes
 + Level 5.4 Necromancy
 - Level 3.3 Evocations


You had 13 spell levels left.
You knew the following spells:

 Your Spells              Type           Power      Damage    Failure   Level
a - Magic Dart            Conj           100%       1d8       0%          1
b - Searing Ray           Conj           100%       2d8       1%          2
c - Fulminant Prism       Conj/Hex       32%        3d16      1%          4
d - Iskenderun's Mystic   Conj/Tloc      53%        2d11      1%          4
e - Necromutation         Tmut/Necr      18%        N/A       100%        8
f - Mephitic Cloud        Conj/Pois/Air  43%        N/A       1%          3

Your spell library contained the following spells:

 Spells                   Type           Power      Damage    Failure   Level
 Eringya's Noxious Bog    Tmut/Pois      9%         N/A       65%         6
 Shock                    Conj/Air       100%       1d9       1%          1
 Dazzling Flash           Conj/Hex       100%       N/A       1%          3
 Beastly Appendage        Tmut           38%        N/A       2%          1
 Portal Projectile        Hex/Tloc       70%        N/A       2%          3
 Call Imp                 Summ           19%        N/A       3%          2
 Airstrike                Air            9%         N/A       7%          4
 Call Canine Familiar     Summ           19%        N/A       8%          3
 Gell's Gravitas          Tloc           19%        N/A       8%          3
 Lesser Beckoning         Tloc           19%        N/A       8%          3
 Swiftness                Air            19%        N/A       8%          3
 Teleport Other           Tloc           19%        N/A       8%          3
 Leda's Liquefaction      Hex/Erth       17%        N/A       9%          4
 Dragon Form              Tmut           9%         N/A       100%        7


Dungeon Overview and Level Annotations

Branches:
Dungeon (12/15)            Temple (1/1) D:5            Lair (0/6) D:11
    Orc (2/2) D:10            Elf (0/3) Orc:2        Bailey (visited)

Altars:
Ashenzari
Cheibriados
Dithmenos
Elyvilon
Fedhas
Gozag
Hepliaklqana
Kikubaaqudgha
Makhleb
Nemelex Xobeh
Okawaru
Qazlal
Ru
Sif Muna
Trog
Uskayaw
Vehumet
Wu Jian
Xom
Yredelemnul
Zin
The Shining One

Shops:
D:9 *   D:11 !

Annotations:
D:2 Terence
D:9 3 runed translucent doors, mistmaker's ghost, journeyman TeAE


Innate Abilities, Weirdness & Mutations

You can breathe bolts of dispelling energy.
Your rich purple scales are hard. (AC +8)
You cannot fit into any form of body armour.
You are cold-blooded and may be slowed by cold attacks.


Message History

You hear a shout!
The orc warrior hits itself with a +0 mace.
The orc warrior shoots a bolt.
The bolt hits you.
* * * LOW HITPOINT WARNING * * *
Okay, then.
You feel better.
You feel better. The orc hits you but does no damage.
The orc warrior shoots a bolt.
The bolt closely misses you.
It was a potion of degeneration.
There was something very wrong with that liquid.
You feel weakened.
You feel dopey.
You feel clumsy.
The orc warrior seems less confused.
The orc closely misses you.
It was a potion of berserk rage.
A red film seems to cover your vision as you go berserk!
You feel yourself moving faster!
You feel mighty!
The orc priest barely misses the orc warrior.
The orc warrior shoots a bolt.
The bolt closely misses you. The orc hits you but does no damage.
The orc warrior misses you.
The orc warrior shoots a bolt.
The bolt hits you!!
* * * LOW HITPOINT WARNING * * *
You puncture the orc!
You kill the orc!
Vehumet accepts your kill.
You feel your power returning.
The orc priest barely misses the orc warrior.
The orc warrior shoots a bolt.
The bolt hits you!
* * * LOW HITPOINT WARNING * * *
The orc warrior barely misses you.
The orc warrior shoots a bolt.
The bolt misses you.
You closely miss the orc warrior. You tail-slap the orc warrior!
The orc warrior is moderately wounded.
The orc warrior shoots a bolt.
The bolt hits you!!
* * * LOW HITPOINT WARNING * * *
The orc warrior hits you with a +0 mace.
* * * LOW HITPOINT WARNING * * *
The orc warrior shoots a bolt.
The bolt hits you but does no damage.
You puncture the orc warrior!
The orc warrior is severely wounded.
The orc warrior misses you.
The orc warrior shoots a bolt.
The bolt hits you!
You die...

## ##..........#............
.#....................... ..#
#.....##...#............... .##
....#..#.#.................. ##
...#............#...........
...##..........#............ . ..
.......))................ .
.......).................
...............)@................
.#..............o................
..............#o.............#.#.
o#............o...............#..
..........#...................#.
#.......o.....................##
#..o.####............#..........
###co#.##........................
#.ooo...##..#.#.......#..........


You could see 3 orc warriors and an orc priest (confused).

Vanquished Creatures
  An ettin (Orc:2)
  2 hydras (D:12)
  5 two-headed ogres
  Pikel (D:6)
  An orc knight (Orc:2)
  An orc sorcerer (Bailey)
  A manticore (D:11)
  A cyclops (D:9)
  2 kobold demonologists (D:9)
  3 trolls
  A hornet (D:9)
  2 wyverns
  27 yaks
  4 wraiths
  7 vampire mosquitoes
  2 wargs
  The ghost of dangdung the Chiller, an amateur OpTm (D:4)
  2 acid dragons
  3 water moccasins
  An ice beast (D:6)
  39 orc warriors
  A sky beast (D:8)
  3 black bears
  A hornet zombie (D:7)
  8 ogres
  A necrophage (D:5)
  9 centaurs
  3 kobold brigands
  A phantom (D:3)
  3 bullfrogs
  A scorpion (D:5)
  6 killer bees (D:8)
  5 wights (D:6)
  2 howler monkeys
  11 electric eels
  3 centaur zombies
  A bullfrog skeleton (D:6)
  3 jellies
  2 centaur skeletons (D:6)
  8 orc priests
  4 hounds
  2 iguanas (D:6)
  16 orc wizards
  A killer bee zombie (D:8)
  A hound zombie (D:5)
  3 gnolls
  A howler monkey skeleton (D:7)
  5 adders
  A shadow imp (D:7)
  A white imp (D:4)
  An ufetubus (D:4)
  5 worms
  2 dart slugs
  53 orcs
  6 ball pythons
  8 bats
  7 endoplasms
  3 giant cockroaches
  16 goblins
  19 hobgoblins
  8 jackals (D:1)
  21 kobolds
  4 quokkas
  7 frilled lizards
  2 rats
376 creatures vanquished.

Vanquished Creatures (others)
  A centaur (Orc:2)
  120 fulminant prisms
  3 fungi (D:11)
  35 plants
159 creatures vanquished.

Grand Total: 535 creatures vanquished

Notes
Turn   | Place    | Note
-------+----------+-------------------------------------------
     0 | D:1      | GreyFruit the Draconian Conjurer began the quest for the
                  | Orb.
     0 | D:1      | Reached XP level 1. HP: 14/14 MP: 3/3
   254 | D:1      | Reached XP level 2. HP: 20/20 MP: 0/5
   920 | D:1      | Reached XP level 3. HP: 26/26 MP: 4/6
  1427 | D:2      | Learned a level 2 spell: Searing Ray
  1960 | D:2      | Noticed Terence
  2735 | D:2      | Reached XP level 4. HP: 34/34 MP: 4/8
  2939 | D:3      | Found a faded altar of an unknown god.
  3988 | D:3      | Reached skill level 1 in Fighting
  4160 | D:4      | Noticed a kobold brigand
  4380 | D:4      | Found a runed translucent door.
  4381 | D:4      | Noticed dangdung's ghost (amateur OpTm)
  4644 | D:4      | Reached XP level 5. HP: 38/40 MP: 6/9
  4833 | D:4      | Noticed a phantom
  4853 | D:3      | Killed a phantom
  4854 | D:3      | Reached skill level 5 in Conjurations
  4854 | D:3      | Reached XP level 6. HP: 28/49 MP: 3/11
  5272 | D:5      | Entered Level 5 of the Dungeon
  5396 | D:5      | Found a staircase to the Ecumenical Temple.
  5405 | Temple   | Entered the Ecumenical Temple
  5622 | Temple   | Became a worshipper of Vehumet
  5714 | D:5      | Your scales start taking on a rich purple colour.
  5714 | D:5      | Reached XP level 7. HP: 57/57 MP: 11/14
  5781 | D:5      | Found a shimmering altar of Xom.
  6139 | D:5      | Reached skill level 5 in Spellcasting
  6346 | D:5      | Found a sparkling altar of Nemelex Xobeh.
  6635 | D:5      | Found a shadowy altar of Dithmenos.
  6638 | D:5      | Identified the +4 trident of the Owl {vorpal, *Noise Int+10
                  | Dex+2}
  6895 | D:6      | Found a transporter.
  7081 | D:6      | Reached XP level 8. HP: 60/67 MP: 9/16
  7153 | D:6      | Noticed a two-headed ogre
  7219 | D:6      | Found a transporter.
  7513 | D:6      | Learned a level 4 spell: Fulminant Prism
  7629 | D:6      | Reached skill level 5 in Dodging
  7696 | D:6      | Reached skill level 5 in Fighting
  8814 | D:7      | Reached XP level 9. HP: 48/75 MP: 7/19
  8869 | D:7      | Noticed Pikel
  8919 | D:6      | Killed Pikel
  9100 | D:6      | Killed a two-headed ogre
  9291 | D:7      | Reached * piety under Vehumet
  9291 | D:7      | Offered knowledge of Foxfire by Vehumet.
 10013 | D:7      | Reached XP level 10. HP: 76/86 MP: 13/22
 10308 | D:7      | Identified the +1 robe "Vaxugeot" {MP+9 Stlth+}
 10793 | D:8      | Found a basalt altar of Yredelemnul.
 10862 | D:8      | Reached ** piety under Vehumet
 10862 | D:8      | Offered knowledge of Sandblast by Vehumet.
 11340 | D:8      | Found a flagged portal.
 11349 | Bailey   | Entered a bailey
 11545 | Bailey   | Learned a level 4 spell: Iskenderun's Mystic Blast
 12235 | Bailey   | Offered knowledge of Static Discharge by Vehumet.
 12508 | Bailey   | Acquired the Handbook of Hurtful Transmutation
 12510 | Bailey   | Acquired 448 gold pieces
 12575 | Bailey   | Found an iron altar of Okawaru.
 12575 | Bailey   | Noticed an orc sorcerer
 12579 | Bailey   | Paralysed by an orc sorcerer for 3 turns
 12582 | Bailey   | Noticed an orc high priest
 12584 | Bailey   | Killed an orc sorcerer
 12585 | Bailey   | Reached XP level 11. HP: 97/97 MP: 17/24
 12641 | Bailey   | Noticed a soul eater
 13237 | Bailey   | Noticed a sixfirhy
 13256 | Bailey   | HP: 3/97 [sixfirhy[an orc high priest] (10)]
 13686 | D:8      | Reached *** piety under Vehumet
 13798 | D:8      | Found an iron altar of Okawaru.
 13851 | D:8      | Found a glowing silver altar of Zin.
 13853 | D:8      | Found a burning altar of Makhleb.
 13854 | D:8      | Noticed an angel
 13855 | D:8      | Noticed a cacodemon
 14361 | D:9      | Learned a level 8 spell: Necromutation
 14365 | D:9      | Learned a level 3 spell: Mephitic Cloud
 14382 | D:9      | Noticed mistmaker's ghost (journeyman TeAE)
 14383 | D:9      | Noticed a deep elf pyromancer
 14389 | D:9      | Found a runed translucent gate.
 14389 | D:9      | Found a runed translucent gate.
 14393 | D:9      | Found a runed translucent gate.
 14518 | D:4      | Killed dangdung's ghost
 14520 | D:4      | Reached skill level 10 in Spellcasting
 14669 | D:6      | Offered knowledge of Conjure Flame by Vehumet.
 15256 | D:9      | Reached skill level 10 in Conjurations
 15519 | D:9      | Found a bloodstained altar of Trog.
 15540 | D:9      | Reached skill level 10 in Fighting
 15540 | D:9      | Reached XP level 12. HP: 106/106 MP: 26/26
 15676 | D:9      | Paralysed by a hornet for 3 turns
 15955 | D:9      | Found a hide-covered altar of Uskayaw.
 16109 | D:9      | Found Tiwugg's Assorted Antiques.
 16428 | D:9      | Found a hazy altar of Hepliaklqana.
 16614 | D:10     | Entered Level 10 of the Dungeon
 16926 | D:10     | Noticed a two-headed ogre
 16936 | D:10     | Killed a two-headed ogre
 17066 | D:10     | Reached **** piety under Vehumet
 17156 | D:10     | Noticed a two-headed ogre
 17172 | D:10     | Killed a two-headed ogre
 17174 | D:10     | Offered knowledge of Lee's Rapid Deconstruction by Vehumet.
 17254 | D:10     | You fall into a shaft and drop 2 floors!
 17254 | D:12     | Noticed a four-headed hydra
 17256 | D:12     | Noticed a two-headed ogre
 17264 | D:12     | Noticed a five-headed hydra
 17264 | D:12     | Killed a four-headed hydra
 17269 | D:12     | Noticed a two-headed ogre
 17273 | D:12     | Noticed a five-headed hydra
 17400 | D:12     | Killed a five-headed hydra
 17663 | D:12     | Killed a two-headed ogre
 17667 | D:12     | Noticed a two-headed ogre
 18244 | D:10     | Found a staircase to the Orcish Mines.
 18567 | D:10     | Found a snail-covered altar of Cheibriados.
 18975 | D:11     | Reached skill level 5 in Hexes
 18981 | D:11     | Reached XP level 13. HP: 115/116 MP: 22/28
 19427 | D:11     | Found Jittagew's Distillery.
 19600 | D:11     | Found a staircase to the Lair.
 19604 | D:11     | Reached skill level 5 in Necromancy
 19892 | Orc:1    | Entered Level 1 of the Orcish Mines
 19906 | Orc:1    | Found a radiant altar of Vehumet.
 20178 | Orc:2    | Entered Level 2 of the Orcish Mines
 20196 | Orc:2    | Noticed an ettin
 20291 | Orc:2    | Killed an ettin
 20608 | Orc:2    | Reached skill level 10 in Dodging
 21557 | Orc:2    | Found a staircase to the Elven Halls.
 21621 | Orc:2    | Reached ***** piety under Vehumet
 21621 | Orc:2    | Offered knowledge of Eringya's Noxious Bog by Vehumet.
 21724 | Orc:2    | HP: 6/174 [orc warrior/bolt (18)]
 21725 | Orc:2    | Shot with a bolt by an orc warrior

Illustrated notes

Levels and vault maps discovered:
D:1:      elethiomel_arrival_infinity_welcomes_careful_drivers, layout_basic
D:2:      layout_basic, uniq_terence
D:3:      layout_basic, dreamdust_ecumenical_altar_grove
D:4:      kennysheep_the_goblin_king, layout_basic, ebering_ghost_inner_flame,
          kennysheep_generic_room_13
D:5:      layout_cave_pools, nicolae_overflow_crystal_walls,
          mainiacjoe_overflow_swirl, minmay_temple_entry_grid
D:6:      gammafunk_steamed_eel, layout_loops_ring, chequers_big_river,
          hangedman_decor_lopped, minmay_between
D:7:      layout_cave_pools, kb_lookout_dungeons_type, uniq_pikel
D:8:      layout_gridville, mainiacjoe_overflow_surrounded_room,
          overflow_temple_1_default, grunt_temple_overflow_order_and_chaos_2,
          enter_bailey_2, chequers_serial_rivers_micro_e
D:9:      layout_gridville, trog_hazing_becter, dancing_weapons_uskayaw,
          nzn_hepliaklqana_mist_gate, gammafunk_ghost_split, serial_shops, shop
D:10:     layout_irregular_city, slow_altar_1, erik_orc_3
D:11:     layout_rooms, grunt_lair_entry_orc_guard_hut, serial_shops, shop
D:12:     layout_big_octagon, tgw_xom
Temple:   minmay_temple_curvy_loop
Orc:1:    layout_caves, basic_altar, nicolae_orc_sculptors_studio, mines5_lemuel
Orc:2:    st_orc_rangers, layout_caves, serial_shops, bzr_entry_road,
          nicolae_orc_bridge_out

Skill      XL: |  1  2  3  4  5  6  7  8  9 10 11 12 13 |
---------------+----------------------------------------+-----
Stealth        | 2 |  2.0
Dodging        | 2 3 4 5 7 8 9 10 | 10.0
Fighting       | 1 2 3 4 6 7 9 10 11 | 11.4
Spellcasting   | 3 4 5 6 8 9 10 11 | 11.8
Conjurations   | 5 6 7 8 9 10 11 | 11.4
Hexes          | 3 5 |  5.0
Necromancy     | 2 4 5 |  5.4
Evocations     | 3 |  3.3

Action                   |  1- 3 |  4- 6 |  7- 9 | 10-12 | 13-15 || total
-------------------------+-------+-------+-------+-------+-------++-------
Melee: Hand axe          |    28 |       |       |       |       ||    28
       Tailslap          |     2 |     2 |    10 |    23 |    13 ||    50
       Trident           |       |    28 |    52 |   140 |    48 ||   268
       Punch             |       |       |     1 |     1 |     1 ||     3
 Cast: Magic Dart        |   100 |   108 |   103 |   163 |    76 ||   550
       Searing Ray       |     2 |     4 |    17 |    60 |    24 ||   107
       Fulminant Prism   |       |       |    21 |    78 |    22 ||   121
       Mephitic Cloud    |       |       |       |       |     3 ||     3
       Iskenderun's Myst |       |       |       |       |     2 ||     2
 Abil: Breathe Dispellin |       |       |     3 |     4 |     1 ||     8
  Use: Potion            |     1 |       |       |     5 |     7 ||    13
       Scroll            |       |       |     6 |    14 |     7 ||    27
 Stab: Invisible         |       |       |       |       |     1 ||     1
Armor: Skin              |    17 |    12 |    37 |    89 |    52 ||   207
Dodge: Dodged            |    39 |    31 |    78 |   251 |   193 ||   592
